 Dungeon Crawl Stone Soup version 0.27.1-33-g824d729ab1 (webtiles) character file.

Game seed: 15659142079070866969

52 H0rd4k the Charlatan (level 4, -1/32 HPs)
             Began as a Human Artificer on Dec 8, 2021.
             Slain by Terence (10 damage)
             ... on level 2 of the Dungeon.
             The game lasted 00:01:48 (2326 turns).

H0rd4k the Charlatan (Human Artificer)              Turns: 2326, Time: 00:01:50

Health: -1/32      AC:  3    Str: 14    XL:     4   Next: 8%
Magic:  4/4        EV: 11    Int: 11    God:
Gold:   50         SH:  0    Dex: 13    Spells: 3/3 levels left

rFire    . . .     SeeInvis .   g - +0 dagger
rCold    . . .     Faith    .   (no shield)
rNeg     . . .     Spirit   .   b - +0 leather armour
rPois    .         Reflect  .   (no helmet)
rElec    .         Harm     .   (no cloak)
rCorr    .         Rampage  .   (no gloves)
Will     .....                  (no boots)
Stlth    +.........             (no amulet)
HPRegen  0.10/turn              (no ring)
MPRegen  0.09/turn              (no ring)

@: no status effects
A: no striking features
a: no special abilities


You were on level 2 of the Dungeon.
You visited 1 branch of the dungeon, and saw 2 of its levels.

You collected 50 gold pieces.

Inventory:

Hand Weapons
 g - a +0 dagger (weapon)
Missiles
 j - 4 poisoned darts
Armour
 b - a +0 leather armour (worn)
Wands
 c - a wand of flame (9) (quivered)
 d - a wand of charming (11)
Scrolls
 a - 2 scrolls of noise {unknown}
Potions
 f - a potion of berserk rage {unknown}
 h - a potion of lignification {unknown}
 i - a potion of degeneration {unknown}
Miscellaneous
 e - a piece from Xom's chessboard (15/15)


   Skills:
 + Level 1.3 Fighting
 - Level 2.0 Armour
 + Level 1.5 Dodging
 - Level 1.0 Stealth
 + Level 4.3 Evocations


You had 3 spell levels left.
You didn't know any spells.
Your spell library was empty.

Dungeon Overview and Level Annotations

Branches:
Dungeon (2/15)

Altars:

Annotations:
D:2 Terence


Message History

Press: ? - help, Shift-Dir - straight line, f - Terence
Aim: Terence, wielding a +1 flail of protection and wearing a +0 scale mail (heavily wounded, 77% to hit)
The puff of flame hits Terence but does no damage.
Terence is heavily wounded.
Unknown command.
Aiming: Throw Flame
Press: ? - help, Shift-Dir - straight line, f/p - Terence
Aim: Terence, wielding a +1 flail of protection and wearing a +0 scale mail (heavily wounded, ally target, 77% to hit)
The puff of flame hits Terence.
Terence is heavily wounded.
Unknown command.
Aiming: Throw Flame
Press: ? - help, Shift-Dir - straight line, f/p - Terence
Aim: Terence, wielding a +1 flail of protection and wearing a +0 scale mail (heavily wounded, ally target, 77% to hit)
Really fire in your hobgoblin's direction?
Okay, then.
Aiming: Throw Flame
Press: ? - help, Shift-Dir - straight line, f/p - Terence
Aim: Terence, wielding a +1 flail of protection and wearing a +0 scale mail (heavily wounded, ally target, 77% to hit)
Really fire in your hobgoblin's direction?
Okay, then.
Unknown command.
You see here a scroll labelled RUDOIR TIUSA.
Your hobgoblin closely misses Terence.
Aiming: Charm
Press: ? - help, Shift-Dir - straight line, f/p - Terence
Aim: Terence, wielding a +1 flail of protection and wearing a +0 scale mail (heavily wounded, ally target, chance to affect: 67%) Terence struggles to resist.
Terence hits you with a +1 flail of protection.
Unknown command.
Terence asks, "Do you want it fast or slow?"
An endoplasm comes into view.
Your hobgoblin hits Terence but does no damage.
Aiming: Charm
Press: ? - help, Shift-Dir - straight line, f/p - Terence
Aim: Terence, wielding a +1 flail of protection and wearing a +0 scale mail (heavily wounded, ally target, chance to affect: 67%) Terence struggles to resist.
The endoplasm hits you.
* * * LOW HITPOINT WARNING * * *
Terence hits you with a +1 flail of protection!
You die...

#....# ##....# ##
......#
.#####.....#+######.#
..#..#.#......#.@J..#
..#..#.#.##...#@#####
..'..#...)+...#.#
..##.##...#...#g#
..##..........#.#
..####.....>#.#.# ..#
#....#.# #.# ..#
######.# #.# ..# #.#
#.#


You could see Terence (ally target), an endoplasm and a friendly hobgoblin
(charmed).

Vanquished Creatures
  A gnoll (D:1)
  An adder (D:2)
  A bat (D:1)
  4 endoplasms (D:1)
  2 giant cockroaches (D:1)
  4 goblins
  2 hobgoblins
  4 kobolds
  2 quokkas
  3 ball pythons (D:1)
  3 frilled lizards (D:1)
  3 rats
30 creatures vanquished.

Vanquished Creatures (others)
  An adder (D:2)
1 creature vanquished.

Grand Total: 31 creatures vanquished

Notes
Turn   | Place    | Note
-------+----------+-------------------------------------------
     0 | D:1      | H0rd4k the Human Artificer began the quest for the Orb.
     0 | D:1      | Reached XP level 1. HP: 15/15 MP: 1/1
    78 | D:1      | Reached XP level 2. HP: 8/21 MP: 2/2
   718 | D:1      | Found a faded altar of an unknown god.
  1013 | D:1      | Reached XP level 3. HP: 17/26 MP: 3/3
  1170 | D:1      | Reached skill level 4 in Evocations
  2058 | D:2      | Reached XP level 4. HP: 25/32 MP: 4/4
  2277 | D:2      | Noticed Terence
  2326 | D:2      | Slain by Terence

Illustrated notes

Levels and vault maps discovered:
D:1:      mainiacjoe_arrival_reflecting_pool, layout_basic,
          hellmonk_ecumenical_altar_arch_garden, grunt_decor_fettered
D:2:      layout_basic, uniq_terence, uniq_crazy_yiuf_cottage

Skill      XL: |  1  2  3 |
---------------+----------+-----
Evocations     | 4 |  4.3
Fighting       | |  1.3
Armour         | |  2.0
Dodging        | |  1.5
Stealth        | |  1.0

Action                   |  1- 3 |  4- 6 || total
-------------------------+-------+-------++-------
Melee: Club              |    18 |       ||    18
       Dagger            |   124 |    22 ||   146
Evoke: Wand              |     4 |     6 ||    10
 Stab: Sleeping          |     1 |       ||     1
Armor: Leather armour    |    39 |     3 ||    42
Dodge: Dodged            |    85 |    13 ||    98
